Map: [ESL] Babylon

Players

MaNa - Winner!

  • Race: Protoss Protoss
  • Spawn Location: 5:00

Hellraiser

  • Race: Protoss Protoss
  • Spawn Location: 11:00

Event: ESL SC2 Masters 2023 Summer (Regionals)

VOD

Have the link to the VOD?

Description

Time

  • Played on: May 4, 2023, 12:36 p.m.
  • Length: 6:45

All games in this series

Show
View Real Time Build Order
Export as new Build Order

MaNa Protoss - Winner!

Build Orders: Oracle Opening 

Get SALT Encoding   

  12  0:00  Probe  
  13  0:12  Probe  
  14  0:19  Pylon  
  14  0:24  Probe (Chrono Boost)  
  15  0:38  Probe (Chrono Boost), Gateway  
  16  0:46  Probe (Chrono Boost)  
  16  0:47  Assimilator  
  17  0:52  Probe  
  18  1:04  Probe (Chrono Boost)  
  18  1:08  Assimilator  
  19  1:14  Probe (Chrono Boost)  
  20  1:19  Probe (Chrono Boost)  
  20  1:22  Gateway  
  21  1:28  Cybernetics Core  
  21  1:30  Probe  
  22  1:39  Pylon  
  22  1:43  Probe  
  23  1:57  Probe  
  24  2:05  Stalker, Warp Gate  
  26  2:09  Probe, Stalker  
  29  2:17  Pylon  
  29  2:21  Probe  
  30  2:29  Stargate  
  30  2:33  Probe  
  31  2:45  Probe  
  31  2:46  Stalker  
  34  3:04  Shield Battery  
  33  3:07  Probe  
  33  3:12  Oracle (Chrono Boost)  
  34  3:19  Probe  
  37  3:27  Nexus  
  37  3:31  Probe  
  38  3:37  Pylon  
  38  3:44  Probe  
  38  3:47  Twilight Council  
  39  3:56  Probe  
  39  3:59  Stalker  
  42  4:05  Pylon  
  42  4:08  Probe  
  43  4:18  Blink (Chrono Boost)  
  43  4:20  Probe  
  41  4:27  Stalker  
  43  4:32  Probe  
  43  4:35  Stalker  
  46  4:44  Probe  
  47  4:49  Probe  
  48  4:56  Probe, Stalker  
  48  4:58  Stalker  
  53  5:01  Probe, Pylon  
  54  5:08  Probe, Gateway  
  56  5:19  Gateway  
  56  5:21  Stalker  
  56  5:23  Stalker  
  59  5:30  Robotics Facility  
  59  5:33  Assimilator  
  59  5:45  Stalker  
  59  5:46  Stalker  
  63  5:50  Probe x2  
  63  5:52  Pylon  
  65  6:06  Pylon  
  65  6:08  Stalker x2  
  65  6:09  Stalker  
  71  6:11  Pylon  
  71  6:13  Stalker  
  71  6:16  Probe x2  
Show
View Real Time Build Order
Export as new Build Order

Hellraiser Protoss 

Build Orders: Phoenix Opening 

Get SALT Encoding   

  12  0:00  Probe  
  13  0:12  Probe  
  14  0:17  Pylon  
  14  0:24  Probe (Chrono Boost)  
  15  0:36  Probe (Chrono Boost)  
  15  0:39  Gateway  
  16  0:44  Probe (Chrono Boost)  
  16  0:48  Assimilator  
  17  0:51  Probe  
  18  0:57  Assimilator  
  18  1:03  Probe (Chrono Boost)  
  19  1:11  Gateway  
  19  1:14  Probe (Chrono Boost)  
  20  1:21  Probe  
  21  1:29  Cybernetics Core  
  21  1:33  Probe  
  21  1:39  Pylon  
  22  1:45  Probe  
  23  1:57  Probe  
  24  2:05  Adept, Warp Gate (Chrono Boost), Stalker  
  28  2:10  Probe  
  29  2:16  Pylon  
  29  2:30  Stargate  
  29  2:35  Stalker  
  31  3:01  Nexus  
  32  3:14  Phoenix (Chrono Boost)  
  31  3:20  Probe  
  31  3:23  Shield Battery  
  31  3:27  Shield Battery  
  31  3:36  Phoenix (Chrono Boost)  
  31  3:40  Probe  
  34  3:50  Stalker  
  34  3:52  Probe  
  37  3:57  Pylon  
  37  4:05  Phoenix  
  39  4:13  Probe  
  40  4:17  Probe (Chrono Boost)  
  41  4:25  Probe (Chrono Boost)  
  41  4:29  Probe (Chrono Boost)  
  43  4:35  Robotics Facility  
  43  4:36  Probe (Chrono Boost)  
  43  4:38  Probe (Chrono Boost)  
  45  4:41  Probe (Chrono Boost)  
  45  4:45  Probe  
  46  4:48  Phoenix  
  46  4:51  Probe  
  50  4:57  Probe  
  51  5:03  Probe  
  51  5:05  Pylon  
  52  5:09  Probe  
  52  5:13  Phoenix  
  55  5:15  Probe  
  55  5:19  Immortal (Chrono Boost), Assimilator  
  55  5:21  Probe  
  62  5:28  Probe, Forge  
  62  5:33  Probe  
  63  5:43  Probe  
  63  5:47  Probe  
  65  5:50  Observer (Chrono Boost)  
  65  5:51  Stalker  
  65  5:54  Twilight Council  
  65  5:55  Pylon  
  68  5:58  Gateway  
  68  6:07  Stalker  
  70  6:13  Probe x2  
  76  6:23  Stalker  
  77  6:26  Shield Battery  
Tags
 
Add a new tag
Caveats
  • Supply blocks, unpowered buildings, or Contaminate may cause inaccurate times.
  • Supply counts are checked every 10 seconds.